[Event "FIDE World Cadets U8 2022"]
[Site "Batumi"]
[Date "2022.09.16"]
[Round "1"]
[White "Llari, Marc"]
[Black "Aarush Bathula"]
[Result "1-0"]
[ECO "C77"]
[WhiteElo "1800"]
[BlackElo "1118"]
[Annotator "NA COMBH"]
[PlyCount "79"]
[EventDate "2022.09.16"]
[EventType "swiss"]
[EventCountry "GEO"]
[SourceTitle "playchess.com"]
[Source "ChessBase"]
[SourceQuality "1"]
[TimeControl "5400+30"]

1. e4 e5 2. Nf3 Nc6 3. Bb5 Nf6 4. d3 d6 5. c3 Bd7 6. Nbd2 Be7 7. Nf1 a6 8. Ba4 h6 9. Ng3 O-O 10. O-O Bg4 11. h3 Bd7 12. Be3 Re8 13. Qd2 Nh7 14. Rad1 Nf8 15. Bc2 Ng6 16. Rfe1 Bf6 17. Nh5 Be7 18. d4 Bf8 19. Ng3 b6 20. a3 Na5 21. Qc1 Nc4 22. Bb3 Nxe3 23. fxe3 Be6 24. Bxe6 Rxe6 25. d5 Re8 26. Nf5 Ne7 27. Qc2 Nxf5 28. exf5 Be7 29. Qe4 Bf6 30. Rf1 Kh8 31. Rd2 Qe7 32. Rdf2 Rg8 33. Nh2 Rad8 34. Ng4 Rde8 35. g3 Rd8 36. Kg2 Rde8 37. Nh2 Rd8 38. Qg4 e4 39. Qh5 Bg5 40. f6 1-0

[Event "FIDE World Cadets U8 2022"]
[Site "Batumi"]
[Date "2022.09.16"]
[Round "1"]
[White "Annapureddy, Rheyansh Reddy"]
[Black "Koyunoglu, Omer Alp"]
[Result "1-0"]
[ECO "D00"]
[WhiteElo "1698"]
[BlackElo "1105"]
[Annotator "NA COMBH"]
[PlyCount "75"]
[EventDate "2022.09.16"]
[EventType "swiss"]
[EventCountry "GEO"]
[SourceTitle "playchess.com"]
[Source "ChessBase"]
[SourceQuality "1"]
[TimeControl "5400+30"]

1. d4 d5 2. Bf4 Nf6 3. e3 Bf5 4. f3 c5 5. g4 Bd7 6. Nc3 e6 7. Qd2 a6 8. Bg2 Nc6 9. Nge2 b5 10. Ng3 Na5 11. b3 b4 12. Nce2 c4 13. g5 Ng8 14. e4 c3 15. Qe3 Ne7 16. h4 Nac6 17. Bd6 a5 18. Nf4 dxe4 19. fxe4 Bc8 20. Bc5 Ba6 21. Rd1 Qc7 22. d5 e5 23. Nfe2 Nd4 24. Bxd4 exd4 25. Nxd4 O-O-O 26. Nde2 Ng6 27. Nf5 Bxe2 28. Qxe2 Nf4 29. Qa6+ Kb8 30. O-O Bc5+ 31. Kh1 Nxg2 32. Kxg2 g6 33. Qb5+ Ka7 34. d6 Bxd6 35. Nxd6 Rxd6 36. Rxd6 Qxd6 37. Rxf7+ Ka8 38. Qb7# 1-0

[Event "FIDE World Cadets U8 2022"]
[Site "Batumi"]
[Date "2022.09.16"]
[Round "1"]
[White "Pasula, Milos"]
[Black "Mammadov, Jamal"]
[Result "0-1"]
[ECO "E52"]
[WhiteElo "1672"]
[BlackElo "1096"]
[Annotator "NA COMBH"]
[PlyCount "130"]
[EventDate "2022.09.16"]
[EventType "swiss"]
[EventCountry "GEO"]
[SourceTitle "playchess.com"]
[Source "ChessBase"]
[SourceQuality "1"]
[TimeControl "5400+30"]

1. d4 d5 2. c4 e6 3. Nc3 Nf6 4. Nf3 Bb4 5. e3 O-O 6. a3 Bxc3+ 7. bxc3 b6 8. Bd3 Bb7 9. O-O Nbd7 10. Qc2 dxc4 11. Bxc4 Bxf3 12. gxf3 c5 13. e4 Qc7 14. Be3 Kh8 15. Rac1 Ng8 16. Ba2 Rae8 17. Bb1 f5 18. Qd2 f4 19. e5 fxe3 20. Qd3 g6 21. fxe3 Ne7 22. e4 Rd8 23. Ba2 Nxe5 24. Qe3 Nd7 25. Bxe6 Qd6 26. d5 Qf4 27. Qxf4 Rxf4 28. Kg2 Ne5 29. Rcd1 Rd6 30. Kg3 g5 31. Rf2 N7g6 32. a4 c4 33. Ra1 Nd3 34. Rff1 Nge5 35. h3 Kg7 36. a5 b5 37. a6 Kf8 38. Ra2 Nc5 39. Bg4 Nxg4 40. hxg4 Rxa6 41. Rxa6 Nxa6 42. Ra1 Rf6 43. e5 Rb6 44. Kf2 Nc5 45. Rxa7 Nd3+ 46. Ke3 Nxe5 47. Rxh7 Rf6 48. Rh3 Ke7 49. Ke4 Kd6 50. Rh5 Rf4+ 51. Ke3 Rxf3+ 52. Kd2 Rg3 53. Rh8 Kxd5 54. Rd8+ Ke4 55. Rd4+ Kf3 56. Rd5 Nxg4 57. Rxg5 Rg2+ 58. Kc1 Ke3 59. Rxb5 Kd3 60. Ra5 Kxc3 61. Ra3+ Kd4 62. Ra4 Nf6 63. Rb4 Kc3 64. Rb3+ cxb3 65. Kd1 b2 0-1

[Event "FIDE World Cadets U8 2022"]
[Site "Batumi"]
[Date "2022.09.16"]
[Round "1"]
[White "Ling, Chenxuan"]
[Black "Panasiuk, Stanislaw"]
[Result "1-0"]
[ECO "E70"]
[WhiteElo "1601"]
[BlackElo "1074"]
[Annotator "NA COMBH"]
[PlyCount "75"]
[EventDate "2022.09.16"]
[EventType "swiss"]
[EventCountry "GEO"]
[SourceTitle "playchess.com"]
[Source "ChessBase"]
[SourceQuality "1"]
[TimeControl "5400+30"]

1. d4 Nf6 2. c4 d6 3. Nc3 g6 4. e4 Bg7 5. Nge2 O-O 6. Ng3 Bd7 7. h4 Nc6 8. Be2 e5 9. d5 Ne7 10. h5 Qc8 11. h6 Bh8 12. Bg5 Re8 13. Bf3 Bg4 14. Bxf6 Bxf6 15. Bxg4 Qd8 16. Qf3 Bh8 17. O-O-O Nc8 18. Bxc8 Rxc8 19. Kb1 Rb8 20. Qe3 a6 21. c5 b6 22. cxd6 Qxd6 23. Qd3 b5 24. Rc1 b4 25. Nce2 a5 26. Rc6 Qd7 27. Rhc1 Rbc8 28. Qc4 Re7 29. d6 Ree8 30. Rxc7 Qc6 31. Qxc6 Rcd8 32. d7 Re7 33. Rc8 f6 34. Rxd8+ Kf7 35. Qd5+ Re6 36. Rf8+ Kxf8 37. Qxe6 Bg7 38. d8=Q# 1-0

[Event "FIDE World Cadets U8 2022"]
[Site "Batumi"]
[Date "2022.09.16"]
[Round "1"]
[White "Ghoreishiamiri, SeyedKian"]
[Black "Benito Arotoma, Antonio Leonel"]
[Result "1-0"]
[ECO "C41"]
[WhiteElo "1583"]
[BlackElo "1044"]
[Annotator "NA COMBH"]
[PlyCount "157"]
[EventDate "2022.09.16"]
[EventType "swiss"]
[EventCountry "GEO"]
[SourceTitle "playchess.com"]
[Source "ChessBase"]
[SourceQuality "1"]
[TimeControl "5400+30"]

1. e4 e5 2. Nf3 d6 3. d4 Bg4 4. dxe5 Bxf3 5. Qxf3 dxe5 6. Bc4 Nf6 7. Be3 Bb4+ 8. c3 Bd6 9. O-O O-O 10. Rd1 Qe7 11. Nd2 Nbd7 12. Nf1 Bc5 13. b4 Bd6 14. Ng3 Kh8 15. Nf5 Qd8 16. Nxd6 cxd6 17. Rd3 Qc7 18. Bb3 Nb6 19. Rad1 Rad8 20. Bg5 Qe7 21. Bxf6 gxf6 22. Qf5 Rg8 23. Rh3 Rg6 24. Qh5 h6 25. Rdd3 Rdg8 26. Rdg3 Kh7 27. Bd1 Qf8 28. Bg4 Kh8 29. Bf5 Rxg3 30. Qxh6+ Qxh6 31. Rxh6+ Kg7 32. Rh7+ Kf8 33. fxg3 Ke7 34. g4 Na4 35. Rh3 b5 36. Rd3 Nb6 37. h4 Nc4 38. Kf2 Nb2 39. Rd5 a6 40. h5 Na4 41. Rd3 Nb2 42. Rh3 Rh8 43. h6 Nc4 44. h7 Nb6 45. Kg3 Kf8 46. Kh4 Kg7 47. Rg3 Nc8 48. Rd3 Rd8 49. Bxc8 Rxc8 50. Rxd6 Rxc3 51. Rxa6 Rc1 52. Rxf6 Rh1+ 53. Kg5 Rxh7 54. Rb6 Rh8 55. Rxb5 Ra8 56. Ra5 Rb8 57. b5 Rb6 58. Kf5 f6 59. Ra7+ Kh6 60. a4 Rd6 61. Ra6 Rd2 62. Rxf6+ Kg7 63. Kxe5 Rxg2 64. Rf4 Ra2 65. Rf1 Rxa4 66. Rb1 Ra5 67. Kd6 Ra4 68. e5 Rxg4 69. b6 Rg6+ 70. e6 Kf6 71. b7 Kf5 72. Rf1+ Ke4 73. b8=Q Rg5 74. Qb4+ Ke3 75. Qf4+ Kd3 76. Rf3+ Kc2 77. Qxg5 Kb2 78. Qg2+ Kc1 79. Rf1# 1-0

[Event "FIDE World Cadets U8 2022"]
[Site "Batumi"]
[Date "2022.09.16"]
[Round "1"]
[White "Aryan Mehta"]
[Black "Zheng, Lerui"]
[Result "0-1"]
[ECO "B80"]
[WhiteElo "1399"]
[BlackElo "1640"]
[Annotator "NA COMBH"]
[PlyCount "61"]
[EventDate "2022.09.16"]
[EventType "swiss"]
[EventCountry "GEO"]
[SourceTitle "playchess.com"]
[Source "ChessBase"]
[SourceQuality "1"]
[TimeControl "5400+30"]

1. e4 c5 2. Nf3 d6 3. d4 cxd4 4. Nxd4 Nf6 5. Nc3 a6 6. Bc4 e6 7. Be3 Be7 8. f3 O-O 9. Qd2 e5 10. Nf5 Bxf5 11. exf5 Nc6 12. O-O-O b5 13. Bb3 Na5 14. Nd5 Nxb3+ 15. axb3 Nxd5 16. Qxd5 Bg5 17. Rhe1 Bxe3+ 18. Rxe3 Qg5 19. Qe4 Rad8 20. g3 d5 21. Qxe5 Rde8 22. Qxd5 Qxe3+ 23. Kb1 h6 24. Qc6 Qe2 25. Rd6 Rc8 26. Qb6 Qxc2+ 27. Ka2 Qxf5 28. f4 Rc1 29. b4 Qb1+ 30. Kb3 Qc2+ 31. Ka2 0-1

[Event "FIDE World Cadets U8 2022"]
[Site "Batumi"]
[Date "2022.09.16"]
[Round "1"]
[White "Vedrickas, Vytis"]
[Black "Jakhria, Kushal"]
[Result "0-1"]
[ECO "B33"]
[WhiteElo "1122"]
[BlackElo "1823"]
[Annotator "NA COMBH"]
[PlyCount "58"]
[EventDate "2022.09.16"]
[EventType "swiss"]
[EventCountry "GEO"]
[SourceTitle "playchess.com"]
[Source "ChessBase"]
[SourceQuality "1"]
[TimeControl "5400+30"]

1. e4 c5 2. Nf3 Nc6 3. d4 cxd4 4. Nxd4 Nf6 5. Nc3 e5 6. Ndb5 d6 7. Nd5 Nxd5 8. exd5 Nb8 9. c4 Be7 10. Be2 O-O 11. O-O a6 12. Nc3 f5 13. f4 e4 14. Be3 Bf6 15. Rc1 g5 16. Bh5 g4 17. h3 Bxc3 18. Rxc3 Qh4 19. hxg4 fxg4 20. Bxg4 Bxg4 21. Qd2 Rf6 22. b3 Rh6 23. f5 Qh2+ 24. Kf2 Rf6 25. Ke1 Rxf5 26. Rxf5 Bxf5 27. Bf4 Qg1+ 28. Ke2 Bg4+ 29. Rf3 Qxg2+ 0-1

[Event "FIDE World Cadets U8 2022"]
[Site "Batumi"]
[Date "2022.09.16"]
[Round "1"]
[White "Khaled AlJamaat"]
[Black "Shogdzhiev, Roman Sav"]
[Result "0-1"]
[ECO "B90"]
[WhiteElo "1109"]
[BlackElo "1715"]
[Annotator "NA COMBH"]
[PlyCount "56"]
[EventDate "2022.09.16"]
[EventType "swiss"]
[EventCountry "GEO"]
[SourceTitle "playchess.com"]
[Source "ChessBase"]
[SourceQuality "1"]
[TimeControl "5400+30"]

1. e4 c5 2. Nf3 d6 3. d4 cxd4 4. Nxd4 Nf6 5. Nc3 a6 6. Be3 e5 7. Nb3 Be7 8. f3 Be6 9. Qd2 O-O 10. O-O-O Nbd7 11. g4 b5 12. g5 Nh5 13. Rg1 Nb6 14. Na5 Qc7 15. Kb1 d5 16. Bxb6 Qxb6 17. Nxd5 Bxd5 18. Bh3 Be6 19. Bg4 Nf4 20. Nb3 Bxb3 21. axb3 Rfd8 22. Qe1 Rxd1+ 23. Qxd1 Rd8 24. Qe1 Bxg5 25. Bf5 Bh4 26. Qf1 Qf2 27. Qxf2 Bxf2 28. Rf1 Bc5 0-1

[Event "FIDE World Cadets U8 2022"]
[Site "Batumi"]
[Date "2022.09.16"]
[Round "1"]
[White "Chighvinadze, Robert"]
[Black "Xia, Joshua"]
[Result "0-1"]
[ECO "C47"]
[WhiteElo "1103"]
[BlackElo "1673"]
[Annotator "NA COMBH"]
[PlyCount "96"]
[EventDate "2022.09.16"]
[EventType "swiss"]
[EventCountry "GEO"]
[SourceTitle "playchess.com"]
[Source "ChessBase"]
[SourceQuality "1"]
[TimeControl "5400+30"]

1. e4 e5 2. Nf3 Nc6 3. Nc3 Nf6 4. d4 exd4 5. Nxd4 Bb4 6. Nxc6 bxc6 7. Bd3 O-O 8. O-O Re8 9. Bg5 h6 10. Bxf6 Qxf6 11. Qd2 d5 12. exd5 cxd5 13. a3 Bd6 14. Bb5 Rd8 15. g3 Bb7 16. Rfd1 Be5 17. f4 Bxc3 18. bxc3 Qb6+ 19. Qd4 Qxb5 20. Rab1 Qc6 21. Re1 Re8 22. Rxe8+ Rxe8 23. Qb4 Qb6+ 24. Qxb6 cxb6 25. Kf2 Re4 26. Re1 Ba6 27. Re3 Ra4 28. Re8+ Kh7 29. Re7 Bc4 30. Rxf7 Rxa3 31. f5 Rxc3 32. f6 Rxc2+ 33. Kf3 Kg6 34. Rxg7+ Kxf6 35. Rxa7 Rxh2 36. Rb7 b5 37. Rb6+ Kg5 38. Rb8 d4 39. g4 d3 40. Rc8 d2 41. Rc5+ Kf6 42. g5+ Ke6 43. Rc6+ Kd7 44. Rd6+ Kxd6 45. gxh6 d1=Q+ 46. Kf4 Rh4+ 47. Kf5 Qg4+ 48. Kf6 Rxh6# 0-1

[Event "FIDE World Cadets U8 2022"]
[Site "Batumi"]
[Date "2022.09.16"]
[Round "1"]
[White "Zhang, Lawrence"]
[Black "Xu, Ryan"]
[Result "0-1"]
[ECO "B50"]
[WhiteElo "1070"]
[BlackElo "1822"]
[Annotator "NA COMBH"]
[PlyCount "65"]
[EventDate "2022.09.16"]
[EventType "swiss"]
[EventCountry "GEO"]
[SourceTitle "playchess.com"]
[Source "ChessBase"]
[SourceQuality "1"]
[TimeControl "5400+30"]

1. e4 c5 2. Nf3 d6 3. c3 Nf6 4. Bd3 e6 5. Bc2 Be7 6. d4 cxd4 7. cxd4 O-O 8. Nc3 b6 9. O-O Bb7 10. Bf4 Nc6 11. Re1 Nh5 12. Bg3 Nxg3 13. fxg3 Bf6 14. a3 Rc8 15. Qd3 g6 16. Rad1 Bg7 17. Bb3 Na5 18. Ba2 d5 19. exd5 exd5 20. Ne5 f6 21. Nf3 Kh8 22. Nd2 f5 23. b4 Nc6 24. Nf3 Qd7 25. Nxd5 Rcd8 26. Ne5 Qd6 27. Nxc6 Bxc6 28. Nf4 Qxd4+ 29. Qxd4 Rxd4 30. Ne6 Rxd1 31. Rxd1 Ba4 32. Rc1 Bh6 33. Rc7 0-1